Map: Ascension to Aiur LE

Players

Socioperrito

  • Race: Terran Terran
  • Spawn Location: 5:00

Fruity - Winner!

  • Race: Protoss Protoss
  • Spawn Location: 11:00

VOD

Have the link to the VOD?

Description

Time

  • Played on: Nov. 24, 2017, 3:51 p.m.
  • Length: 11:02
Show
View Real Time Build Order
Export as new Build Order

Socioperrito Terran 

Build Orders:  

Get SALT Encoding   

  12  0:22  Supply Depot  
  12  0:25  SCV  
  13  0:37  SCV  
  14  0:49  SCV  
  15  0:50  Barracks  
  15  1:05  Refinery  
  15  1:24  SCV  
  16  1:36  SCV  
  17  1:48  SCV  
  17  1:49  Supply Depot  
  18  2:00  SCV  
  19  2:12  SCV  
  19  2:14  Refinery  
  20  2:25  SCV  
  21  2:37  SCV  
  22  2:49  SCV  
  22  2:50  Barracks Reactor  
  23  3:01  SCV  
  24  3:11  Supply Depot  
  24  3:25  Factory  
  24  3:28  Marine  
  24  3:29  Marine  
  24  3:33  Supply Depot  
  26  3:40  SCV  
  27  3:46  Marine x2  
  29  3:53  SCV  
  30  3:56  Supply Depot  
  30  4:04  Marine x2, Command Center  
  30  4:05  SCV  
  33  4:17  SCV  
  33  4:18  Factory Reactor, Command Center  
  33  4:22  Marine x2  
  36  4:28  Engineering Bay  
  36  4:29  SCV  
  37  4:41  Armory  
  37  4:49  Starport  
  37  5:06  Ghost Academy, Refinery  
  37  5:09  Marine  
  37  5:10  Marine  
  39  5:17  Terran Infantry Weapons Level 1  
  39  5:27  Marine x2  
  41  5:38  Refinery  
  41  5:45  Marine x2  
  43  5:55  Fusion Core  
  43  6:03  Marine x2, Starport Tech Lab  
  45  6:12  Orbital Command  
  45  6:18  SCV  
  46  6:30  SCV  
  47  6:42  SCV  
  48  6:54  SCV  
  49  7:02  Refinery  
  49  7:06  SCV  
  50  7:11  Terran Infantry Armor Level 1  
  50  7:12  Barracks  
  50  7:41  SCV  
  51  7:46  Terran Vehicle Weapons Level 1  
  51  7:49  Weapon Refit  
  51  7:53  SCV  
  51  7:54  Medivac  
  54  8:04  SCV  
  54  8:05  SCV  
  56  8:16  SCV  
  56  8:17  SCV  
  56  8:19  Barracks Reactor  
  58  8:20  Factory  
  58  8:24  Medivac  
  60  8:29  SCV x2  
  62  8:41  SCV  
  63  8:53  SCV  
  63  8:54  Medivac  
  40  9:22  Marine x2  
  42  9:24  Medivac  
  44  9:37  Bunker  
  37  9:40  Marine x2  
  29  9:57  Marine, Banshee  
  29  9:58  Marine  
Show
View Real Time Build Order
Export as new Build Order

Fruity Protoss - Winner!

Build Orders:  

Get SALT Encoding   

  13  0:12  Probe  
  13  0:24  Probe  
  14  0:29  Pylon  
  14  0:31  Pylon  
  14  0:37  Probe  
  15  0:47  Pylon  
  15  0:49  Probe  
  16  1:01  Probe  
  17  1:07  Assimilator  
  17  1:27  Probe  
  18  1:39  Probe  
  19  1:49  Gateway  
  19  1:51  Probe  
  20  2:04  Probe  
  21  2:16  Probe  
  21  2:17  Nexus  
  21  2:18  Gateway  
  22  2:28  Probe  
  23  2:39  Pylon  
  23  2:56  Assimilator  
  23  3:08  Zealot x2  
  23  3:11  Probe  
  28  3:23  Probe  
  29  3:28  Pylon  
  29  3:35  Zealot  
  29  3:36  Gateway, Zealot  
  33  3:49  Probe  
  33  3:51  Probe  
  34  4:01  Probe  
  35  4:03  Probe, Zealot x2  
  40  4:13  Probe  
  40  4:15  Probe  
  42  4:25  Probe  
  42  4:28  Probe  
  42  4:30  Zealot x2  
  42  4:31  Zealot  
  50  4:40  Probe  
  51  4:49  Cybernetics Core  
  51  4:55  Probe  
  51  4:57  Probe, Zealot x2  
  51  4:58  Zealot  
  59  5:07  Probe  
  59  5:09  Probe  
  61  5:16  Pylon  
  61  5:18  Pylon  
  61  5:19  Probe  
  61  5:20  Pylon  
  62  5:24  Zealot  
  62  5:27  Zealot x2  
  68  5:32  Probe  
  68  5:33  Probe  
  70  5:45  Probe  
  71  5:51  Zealot  
  71  5:54  Zealot  
  71  5:56  Zealot  
  77  6:18  Zealot  
  79  6:21  Zealot  
  79  6:23  Zealot  
  83  6:45  Stalker  
  85  6:48  Stalker  
  85  6:50  Stalker  
  89  7:15  Stalker  
  91  7:18  Nexus, Stalker  
  93  7:26  Pylon  
  93  7:28  Pylon  
  93  7:44  Stalker  
  95  7:45  Stalker  
  95  7:48  Stalker  
  99  8:13  Stalker  
  99  8:15  Stalker  
  99  8:18  Stalker  
  105  8:42  Probe  
  105  8:43  Stalker  
  105  8:45  Stalker  
  110  8:48  Stalker  
  110  8:54  Probe  
  107  9:06  Probe  
  106  9:13  Stalker  
  106  9:15  Stalker  
  110  9:18  Probe, Stalker  
  113  9:30  Probe  
  114  9:43  Stalker  
  116  9:45  Zealot  
  116  9:48  Zealot  
  118  10:13  Zealot x2  
  122  10:15  Zealot  
Tags
 
Add a new tag
Caveats
  • Supply blocks, unpowered buildings, or Contaminate may cause inaccurate times.
  • Supply counts are checked every 10 seconds.